AoeStats
← Malelf

Arabia

507673104Analyzed
1v1 RM · 13d ago on Sep 19, 2026· 29m 31s· 2 players
Game mode
Random Map
Map size
Tiny (2 player)
Population
200
Speed
Normal
Resources
Standard
Victory
Conquest
Starting age
Dark Age
Ending age
Imperial Age
RankedLock teamsTeams togetherTeam positionsShared explorationLock speedFull tech treeHidden civsTurbo modeCheats
Victory
Defeat
🇮🇹 Magyars · Italy
1669
+11
🇸🇬 Malians · Singapore
1561
-11
iamnumber8teen
6:04 Loom
8:58 Feudal Age
9:31 Man-at-Arms
11:21 Double-Bit Axe
11:28 Arson
14:32 Fletching
20:40 Castle Age
19:28 Padded Archer Armor
19:42 Double-Bit Axe
20:49 Crossbowman
21:59 Bodkin Arrow
25:11 Ballistics
Malelf
7:12 Loom
10:30 Feudal Age
14:25 Castle Age
13:08 Double-Bit Axe
19:47 Scale Barding Armor
22:10 Gold Mining
25:20 Horse Collar
28:04 Chain Barding Armor
Connection lost

Rejoining the realm…

Still unreachable

The connection could not be restored.

Session expired

The server has moved on; the page needs a fresh start.